 Dungeon Crawl Stone Soup version 0.28-a0-1117-g0bdd5ba030 (webtiles) character file.

Game seed: 8079292948621947755

2553 SensoryNuts the Slasher (level 9, -2/67 (70) HPs)
             Began as a Green Draconian Fighter on Dec 11, 2021.
             Was an Elder of Hepliaklqana.
             Slain by a wight (7 damage)
             ... on level 8 of the Dungeon.
             The game lasted 00:13:43 (7917 turns).

SensoryNuts the Slasher (Green Draconian Fighter)   Turns: 7917, Time: 00:13:44

HP:   -2/67 (70)    AC:  7    Str: 23    XL:     9   Next: 31%
MP:   9/9           EV: 13    Int:  8    God:    Hepliaklqana [****..]
Gold: 472           SH:  7    Dex: 11    Spells: 8/8 levels left

rFire   . . .      SeeInvis .   c - +2 short sword (vamp)
rCold   . . .      Faith    .   b - +2 buckler
rNeg    . . .      Spirit   .   (armour unavailable)
rPois   +          Reflect  .   (helmet restricted)
rElec   .          Harm     .   (no cloak)
rCorr   .          Rampage  .   (no gloves)
Will    .....                   (no boots)
Stlth   ++........              (no amulet)
HPRegen 0.21/turn               (no ring)
MPRegen 0.11/turn               (no ring)

@: lightly drained
A: reduced essence, breathe noxious fumes, AC +7, unfitting armour, poison
resistance, cold-blooded, MP-powered wands
a: Breathe Noxious Fumes, Renounce Religion, Recall Ancestor, Ancestor Identity,
Transference, Idealise


You were on level 8 of the Dungeon.
You worshipped Hepliaklqana.
Hepliaklqana was greatly pleased with you.
You visited 1 branch of the dungeon, and saw 8 of its levels.

You collected 472 gold pieces.

Inventory:

Hand Weapons
 a - a +0 long sword
 c - a +2 vampiric short sword (weapon)
 e - a +1 hand axe of electrocution
 k - a +2 whip of pain
 p - a +2 battleaxe
 q - a +1 great sword of freezing
 u - a +3 whip
Missiles
 i - a throwing net
Armour
 b - a +2 buckler (worn)
Magical Staves
 f - a staff of conjuration
 n - a staff of conjuration
 r - a staff of conjuration
Jewellery
 h - a ring of magical power
 j - a ring of resist corrosion
Wands
 m - a wand of polymorph (5) (quivered)
 s - a wand of charming (11)
 w - a wand of flame (21)
Scrolls
 g - 5 scrolls of teleportation
 l - 4 scrolls of amnesia
 o - a scroll of blinking {unknown}
 t - 3 scrolls of identify
 y - a scroll of magic mapping {unknown}
Potions
 d - 2 potions of attraction
 v - a potion of cancellation
 x - a potion of berserk rage {unknown}
 z - a potion of flight {unknown}


   Skills:
 + Level 6.6 Fighting
 + Level 3.7(5.9) Short Blades
 + Level 7.1(7.6) Long Blades
 + Level 2.9 Axes
 + Level 5.5 Dodging
 + Level 2.8 Stealth
 + Level 5.1 Shields
 + Level 0.8 Unarmed Combat
 + Level 0.5 Evocations


You had 8 spell levels left.
You didn't know any spells.
Your spell library contained the following spells:

 Spells                   Type           Power      Damage    Failure   Level
 Slow                     Hex            0%         N/A       41%         1
 Confusing Touch          Hex            0%         N/A       78%         3
 Vampiric Draining        Necr           0%         2d6       78%         3


Dungeon Overview and Level Annotations

Branches:
Dungeon (8/15)             Temple (0/1) D:7
   Lair: D:8-11

Altars:
Hepliaklqana
Xom


Innate Abilities, Weirdness & Mutations

Your life essence is reduced to manifest your ancestor. (-10% HP)
You can breathe blasts of noxious fumes.
Your lurid green scales are hard. (AC +7)
You cannot fit into any form of body armour.
Your system is resistant to poisons. (rPois)
You are cold-blooded and may be slowed by cold attacks.
You expend magic power (3 MP) to strengthen your wands.


Message History

A wight is nearby!
You see here a potion of cancellation.
Found an escape hatch in the floor.
The wight barely misses you.
A wight comes into view. It is wielding a +0 dire flail.
A wight comes into view.
It is wielding a +4 hand axe of freezing.
A wight comes into view.
It is wielding a +2 great sword of electrocution.
You barely miss the wight. The wight hits you with a +0 flail!
You feel drained.
You hit the wight.
Your tail-slap misses the wight.
The wight is moderately damaged.
Gang hits the wight with a +0 flail.
You block the wight's attack.
You hit the wight but do no damage.
Your tail-slap misses the wight.
The wight is heavily damaged.
Gang hits the wight with a +0 flail!
The wight is destroyed!
A wight comes into view. It is wielding a +0 scimitar.
Found an escape hatch in the ceiling.
Things that are here:
a +0 flail; a +0 robe You block the wight's attack.
The wight hits you but does no damage.
You closely miss the wight. The wight misses you. x2
The wight hits you with a +0 scimitar! The wight misses you.
You hit the wight but do no damage.
Gang closely misses the wight.
You block the wight's attack. The wight closely misses you.
The wight hits you with a +0 scimitar.
You feel drained. You block the wight's attack.
You hit the wight.
The wight is lightly damaged.
Gang misses the wight.
The wight closely misses you.
The wight hits you with a +4 hand axe of freezing!
The wight freezes you.
You completely miss the wight.
The wight is lightly damaged.
The wight closely misses you.
The wight hits you with a +2 great sword of electrocution!
You are electrocuted!
* * * LOW HITPOINT WARNING * * *
Gang barely misses the wight.
The wight completely misses you.
The wight hits you with a +4 hand axe of freezing!
You die...

#........#
#........#
#>.......#
#.....<..#
#........#
#........#
#...zzz..#
#....@z..#
###.#R####
#######
####.#..###
<.....
.......!..#
)....
##.#.##.###
.... #... #.##
##.### ....#
#..# .....#
###.##.# ##.##
.....###...##.#
#..#


You could see the friendly Gang the knight and 4 wights.

Vanquished Creatures
  Eustachio (D:4)
  An ice beast (D:7)
  3 orc warriors
  A black bear (D:7)
  A sky beast (D:4)
  An ogre (D:6)
  A phantom (D:4)
  Blork the orc (D:5)
  3 bullfrogs
  A scorpion (D:6)
  A wight (D:7)
  A howler monkey (D:6)
  An orc priest (D:6)
  2 hounds
  2 jellies
  A centaur skeleton (D:3)
  Ijyb (D:3)
  Natasha (thrice) (D:2)
  An iguana (D:5)
  An orc wizard (D:6)
  3 adders
  A white imp (D:7)
  An ufetubus (D:6)
  12 orcs
  4 ball pythons
  4 endoplasms
  A giant cockroach (D:2)
  3 goblins
  7 hobgoblins
  3 jackals (D:2)
  5 quokkas
  2 bats
  11 frilled lizards
  A kobold (D:2)
  3 rats
89 creatures vanquished.

Vanquished Creatures (collateral kills)
  Prince Ribbit (D:5)
  2 steam dragons
  A water moccasin (D:5)
  A wyvern skeleton (D:7)
  3 wights
  An orc priest (D:7)
  A bullfrog skeleton (D:7)
  An iguana (D:6)
  An orc wizard (D:7)
  2 adders
  An ufetubus (D:7)
  A dart slug (D:1)
  8 orcs
  3 ball pythons
  An endoplasm (D:4)
  A goblin (D:3)
  A hobgoblin (D:2)
30 creatures vanquished.

Vanquished Creatures (others)
  An ancestor (D:5)
  4 plants (D:1)
5 creatures vanquished.

Grand Total: 124 creatures vanquished

Notes
Turn   | Place    | Note
-------+----------+-------------------------------------------
     0 | D:1      | SensoryNuts the Draconian Fighter began the quest for the
                  | Orb.
     0 | D:1      | Reached XP level 1. HP: 19/19 MP: 1/1
   444 | D:1      | Found a faded altar of an unknown god.
   457 | D:1      | Reached XP level 2. HP: 26/26 MP: 2/2
   475 | D:1      | Prayed at the altar of an unknown god.
   475 | D:1      | Became a worshipper of Hepliaklqana the Forgotten
   475 | D:1      | Reached * piety under Hepliaklqana
  1134 | D:2      | Reached ** piety under Hepliaklqana
  1178 | D:2      | Reached XP level 3. HP: 25/29 MP: 3/3
  1295 | D:2      | Noticed Natasha
  1308 | D:2      | Killed Natasha
  1309 | D:2      | Reached skill level 3 in Long Blades
  1322 | D:2      | Reached XP level 4. HP: 21/36 MP: 4/4
  1342 | D:2      | Noticed Natasha
  1347 | D:2      | Killed Natasha
  1371 | D:2      | Found a shimmering altar of Xom.
  1951 | D:2      | Noticed Natasha
  1965 | D:2      | Killed Natasha
  2230 | D:3      | Reached XP level 5. HP: 41/41 MP: 5/5
  2650 | D:3      | Noticed Ijyb
  2662 | D:3      | Killed Ijyb
  2810 | D:3      | Reached skill level 4 in Long Blades
  3128 | D:4      | Noticed Eustachio
  3161 | D:4      | Killed Eustachio
  3162 | D:4      | Reached skill level 1 in Stealth
  3162 | D:4      | Reached XP level 6. HP: 30/47 MP: 6/6
  3460 | D:4      | Reached *** piety under Hepliaklqana
  3832 | D:5      | Entered Level 5 of the Dungeon
  3863 | D:4      | Reached skill level 5 in Long Blades
  3926 | D:5      | Noticed a sky beast
  3945 | D:4      | Gained mutation: You are frail. (-10% HP) [potion of
                  | mutation]
  3945 | D:4      | Gained mutation: You expend magic power (3 MP) to
                  | strengthen your wands. [potion of mutation]
  3966 | D:4      | Killed a sky beast
  3967 | D:4      | Your scales start taking on a lurid green colour.
  3967 | D:4      | Reached XP level 7. HP: 26/48 MP: 7/7
  3967 | D:4      | Gained mutation: Your system is resistant to poisons.
                  | (rPois) [Green Draconian growth]
  3985 | D:4      | Lost mutation: You expend magic power (3 MP) to strengthen
                  | your wands. [potion of mutation]
  3985 | D:4      | Lost mutation: You are frail. (-10% HP) [potion of
                  | mutation]
  3985 | D:4      | Gained mutation: You expend magic power (3 MP) to
                  | strengthen your wands. [potion of mutation]
  4175 | D:5      | Noticed Blork the orc
  4212 | D:5      | Killed Blork the orc
  4392 | D:5      | Remembered your ancestor Gang as a knight
  4411 | D:5      | Reached skill level 5 in Fighting
  4585 | D:5      | Noticed Prince Ribbit
  4613 | D:5      | Killed Prince Ribbit
  4614 | D:5      | Reached skill level 6 in Long Blades
  4614 | D:5      | Reached skill level 1 in Axes
  4916 | D:6      | Reached XP level 8. HP: 56/61 MP: 8/8
  5371 | D:6      | Reached **** piety under Hepliaklqana
  5602 | D:6      | Reached skill level 7 in Long Blades
  6044 | D:7      | Found a staircase to the Ecumenical Temple.
  6063 | D:7      | Identified the +1 scale mail "Yboimp" {Regen+ rCorr Int-3}
  6534 | D:7      | Reached skill level 1 in Short Blades
  6534 | D:7      | Reached skill level 5 in Dodging
  6837 | D:7      | Reached XP level 9. HP: 56/70 MP: 9/9
  6975 | D:7      | HP: 3/70 [orc warrior (7)]
  7765 | D:8      | Reached skill level 5 in Shields
  7917 | D:8      | Slain by a wight

Illustrated notes

Levels and vault maps discovered:
D:1:      scummos_arrival_forest, layout_basic, ebering_ecumenical_altar_box,
          serial_bayou, serial_bayou_ford_a, serial_bayou_lake_a,
          serial_bayou_lagoon_b, serial_bayou_pond_d, serial_bayou_pond_c,
          minmay_lizard_king
D:2:      layout_loops_ring, basic_altar, minmay_distorted, uniq_natasha
D:3:      layout_basic, uniq_ijyb
D:4:      layout_loops_ring, uniq_eustachio
D:5:      layout_cave_pools, uniq_prince_ribbit1, uniq_blork_the_orc
D:6:      layout_gridville
D:7:      layout_loops_corners, minmay_temple_entry_glassed_door
D:8:      layout_rooms, sigmund_army

Skill      XL: |  1  2  3  4  5  6  7  8  9 |
---------------+----------------------------+-----
Dodging        | 3 4 5 |  5.5
Long Blades    | 3 4 5 6 7 |  7.1
Fighting       | 4 5 6 |  6.6
Stealth        | 1 2 |  2.8
Shields        | 4 5 |  5.1
Axes           | 1 2 |  2.9
Short Blades   | 2 3 |  3.7
Unarmed Combat | |  0.8
Evocations     | |  0.5

Action                   |  1- 3 |  4- 6 |  7- 9 || total
-------------------------+-------+-------+-------++-------
Melee: Long sword        |   100 |   131 |     4 ||   235
       Tailslap          |    10 |    14 |    36 ||    60
       Unarmed           |       |     7 |       ||     7
       Hand axe          |       |       |    53 ||    53
       Short sword       |       |       |   128 ||   128
Invok: Recall Ancestor   |       |       |     1 ||     1
       Ancestor Life: Kn |       |       |     1 ||     1
       Ancestor Identity |       |       |     1 ||     1
 Abil: Breathe Noxious F |       |       |     4 ||     4
Evoke: Wand              |       |       |     2 ||     2
  Use: Potion            |     1 |     7 |     5 ||    13
       Scroll            |       |       |     9 ||     9
 Stab: Confused          |       |     2 |     1 ||     3
       Sleeping          |       |     1 |     2 ||     3
       Distracted        |       |       |     1 ||     1
Armor: Skin              |    25 |    58 |    32 ||   115
Dodge: Dodged            |    71 |    86 |    93 ||   250
Block: Buckler           |    22 |    20 |    50 ||    92

Table legend: (Time is in decaauts)
 A = Elapsed time spent in this place.
 B = Non-inter-level travel time spent in this place.
 C = Inter-level travel time spent in this place.
 D = Time resting spent in this place.
 E = Time spent auto-exploring this place.
 F = Levels seen in this place.
 G = Mean time per level.
                   A        B        C        D        E       F      G
               +--------+--------+--------+--------+--------+-----+--------+
         Total |   8028 |   8028 |      0 |      0 |   6352 |   8 | 1003.5 |
       Dungeon |   8028 |   8028 |      0 |      0 |   6352 |   8 | 1003.5 |
               +--------+--------+--------+--------+--------+-----+--------+

Top non-repeatable levels by time:
     D:7: 1752 daAuts
     D:1: 1184 daAuts
     D:2: 1088 daAuts
     D:6: 1082 daAuts
     D:5: 979 daAuts
     D:4: 959 daAuts
     D:3: 805 daAuts
     D:8: 176 daAuts
